 Dungeon Crawl Stone Soup version 0.30.1-9-gdf580d7c3d (webtiles) character file.

Game seed: 2369960200013477453

146 booth the Chopper (level 5, 0/42 HPs)
             Began as a Demonspawn Monk on Oct 9, 2023.
             Splashed by a jelly's acid (6 damage)
             ... on level 3 of the Dungeon.
             The game lasted 00:13:42 (2162 turns).

booth the Chopper (Demonspawn Monk)                 Turns: 2162, Time: 00:13:42

Health: 0/42       AC: -6    Str: 13    XL:     5   Next: 7%
Magic:  5/5        EV: 13    Int: 12    God:
Gold:   223        SH:  0    Dex: 15    Spells: 4/4 levels left

rFire   . . .        a - +0 hand axe
rCold   . . .        d - orb {light}
rNeg    . . .        b - +0 robe
rPois   .            (helmet restricted)
rElec   .            (no cloak)
rCorr   .            j - +1 pair of gloves
SInv    .            (no boots)
Will    .....        (no amulet)
Stlth   +            (no ring)
HPRegen 0.27/turn    (no ring)
MPRegen 0.09/turn

%: no passive effects
@: corroded, glowing
A: horns 1, slimy green scales 1
a: no special abilities


You were on level 3 of the Dungeon.
You visited 1 branch of the dungeon, and saw 3 of its levels.

You collected 223 gold pieces.

Inventory:

Hand Weapons
 a - a +0 hand axe (weapon)
 g - a +2 war axe of electrocution
Armour
 b - a +0 robe (worn)
 d - an orb of light (worn)
 f - a +2 buckler
 j - a +1 pair of gloves (worn)
Wands
 p - a wand of flame (22)
Scrolls
 i - a scroll of summoning
 l - a scroll of immolation {unknown}
 o - a scroll of fog {unknown}
Potions
 c - a potion of ambrosia
 e - a potion of curing
 h - a potion of haste
 k - a potion of lignification {unknown}
 m - a potion of berserk rage {unknown}
 n - a potion of brilliance {unknown}
 q - a potion of mutation {unknown}


   Skills:
 + Level 3.9 Fighting
 * Level 4.1 Axes
 + Level 3.5 Dodging


You had 4 spell levels left.
You didn't know any spells.
Your spell library was empty.

Dungeon Overview and Level Annotations

Branches:
Dungeon (3/15)

Altars:

Annotations:
D:3 3 runed translucent doors, GreenGuy14's ghost, amateur DjFE


Innate Abilities, Weirdness & Mutations

You have a pair of small horns on your head.
You are partially covered in slimy green scales. (AC +2)


Message History

Unknown command.
There is a stone staircase leading down here.
You see here 9 stones.
You now have 208 gold pieces (gained 16).
A rat comes into view.
You slash the rat!
You kill the rat!
Found a stone staircase leading down.
Found 15 gold pieces.
You now have 223 gold pieces (gained 15).
You feel as though Xom is toying with you.
Suddenly, the walls become transparent!
You open the door.
A jelly comes into view.
The jelly quivers.
You hit the jelly but do no damage. The acid corrodes you!
Your hands burn!
You headbutt the jelly.
The jelly is lightly wounded.
The jelly hits you. The acid corrodes you!
You are splashed with acid.
You hit the jelly but do no damage.
Your hands burn!
You headbutt the jelly, but do no damage.
The jelly is lightly wounded.
The jelly hits you.
You are splashed with acid!
You hit the jelly. The acid corrodes you!
Your hands burn!
The jelly is moderately wounded.
The jelly hits you.
You are splashed with acid.
* * * LOW HITPOINT WARNING * * *
You hit the jelly but do no damage.
Your hands burn!
* * * LOW HITPOINT WARNING * * *
The jelly is moderately wounded.
The jelly barely misses you.
You feel better. The jelly hits you.
* * * LOW HITPOINT WARNING * * *
You are splashed with acid.
You die...

#+# #.#
##J##+##+#.
#.@........
#.........#
#.........#
##.......#
##......###..
#..........
#......##
#......#
####.###


You could see a jelly.

Vanquished Creatures
  Ijyb (D:3)
  Robin (D:3)
  4 adders (D:2)
  7 bats
  5 endoplasms
  2 giant cockroaches (D:1)
  7 hobgoblins
  5 jackals
  7 kobolds
  2 quokkas
  6 ball pythons
  3 frilled lizards
  12 goblins
  3 rats
65 creatures vanquished.

Notes
Turn   | Place    | Note
-------+----------+-------------------------------------------
     0 | D:1      | booth the Demonspawn Monk began the quest for the Orb.
     0 | D:1      | Reached XP level 1. HP: 18/18 MP: 1/1
   142 | D:1      | Gained mutation: You are partially covered in slimy green
                  | scales. (AC +2) [demonic ancestry]
   142 | D:1      | Reached XP level 2. HP: 24/24 MP: 2/2
   318 | D:1      | Reached skill level 3 in Axes
   692 | D:1      | Reached XP level 3. HP: 18/29 MP: 3/3
  1141 | D:2      | Gained mutation: You have a pair of small horns on your
                  | head. [demonic ancestry]
  1141 | D:2      | Reached XP level 4. HP: 23/35 MP: 4/4
  1363 | D:2      | Found a faded altar of an unknown god.
  1672 | D:2      | Identified a scroll of acquirement
  1673 | D:2      | Acquired a +2 war axe of electrocution
  1744 | D:3      | Noticed Ijyb
  1763 | D:3      | Killed Ijyb
  1764 | D:3      | Reached skill level 4 in Axes
  1902 | D:3      | Noticed Robin
  1921 | D:3      | Killed Robin
  1922 | D:3      | Reached XP level 5. HP: 34/42 MP: 5/5
  1955 | D:3      | Found a runed translucent gate.
  1955 | D:3      | Found a runed translucent gate.
  1955 | D:3      | Found a runed translucent gate.
  1956 | D:3      | Noticed GreenGuy14's ghost (amateur DjFE)
  2161 | D:3      | HP: 2/42 [acid (5)]
  2162 | D:3      | Splashed by a jelly's acid

Illustrated notes

Levels and vault maps discovered:
D:1:      minmay_arrival_four_circles, layout_basic, minmay_fountain_box,
          chequers_serial_rivers_micro_e
D:2:      layout_rooms, hellmonk_ecumenical_altar_prayer_group
D:3:      layout_rooms, dk_xom_monty_hall, ebering_ghost_rock_garden,
          uniq_terence, uniq_robin, uniq_ijyb

Skill      XL: |  1  2  3  4 |
---------------+-------------+-----
Axes           | 3 4 |  4.1
Dodging        | 3 |  3.5
Fighting       | |  3.9

Action                     |  1- 3 |  4- 6 || total
---------------------------+-------+-------++-------
  Melee: Hand axe          |    92 |    63 ||   155
         Headbutt          |       |    19 ||    19
    Use: Scroll            |     2 |     5 ||     7
         Potion            |     2 |     2 ||     4
 Armour: Robe              |    20 |    16 ||    36
  Dodge: Dodged            |    73 |    34 ||   107
